 Dungeon Crawl Stone Soup version 0.18.1-50-g88ac8fd (webtiles) character file.

453 Ginkk the Skirmisher (level 6, -7/49 HPs)
             Began as a Demonspawn Abyssal Knight on Sept 26, 2016.
             Was a Believer of Lugonu.
             Killed by divine providence
             ... invoked by an orc priest
              (10 damage)
             ... on level 6 of the Dungeon.
             The game lasted 00:22:07 (3804 turns).

Ginkk the Skirmisher (Demonspawn Abyssal Knight)    Turns: 3804, Time: 00:22:07

Health: -7/49      AC: 10    Str: 13    XL:     6   Next: 75%
Magic:  8/8        EV: 15    Int: 13    God:    Lugonu [**....]
Gold:   85         SH:  0    Dex: 17    Spells: 0 memorised, 5 levels left

rFire  . . .     SeeInvis .     f - +6 club
rCold  . . .     Gourm    .     h - +1 scale mail
rNeg   . . .     Faith    .     (no shield)
rPois  .         Spirit   .     (no helmet)
rElec  .         Dismiss  .     (no cloak)
rCorr  .         Reflect  .     (no gloves)
SustAt +         Harm     .     (no boots)
MR     .....                    (no amulet)
Stlth  +.........               m - +2 ring of dexterity
                                o - ring of sustain attributes

@: agile, not resistant to hostile enchantments, very unstealthy
A: claws 1, thin metallic scales 1, clumsy 1, dopey 1, powered by pain 1, rot
immunity, MP-powered wands
a: Depart the Abyss, Bend Space, Renounce Religion


You were on level 6 of the Dungeon.
You worshipped Lugonu.
Lugonu was pleased with you.
You were not hungry.

You visited 2 branches of the dungeon, and saw 7 of its levels.
You visited the Abyss 1 time.

You collected 85 gold pieces.

Inventory:

Hand Weapons
 a - a +1 mace
 f - a +6 club (weapon)
 g - a +0 rapier
 k - a +0 quarterstaff
 r - a +0 whip of electrocution
 v - a cursed -1 dagger
Missiles
 e - 98 stones (quivered)
 l - 67 bolts
 t - 46 arrows
Armour
 h - a +1 scale mail (worn)
Magical Staves
 j - an uncursed staff of death
Jewellery
 d - an uncursed ring of protection from cold
 m - a +2 ring of dexterity (right claw)
 o - a ring of sustain attributes (left claw)
Scrolls
 q - a scroll of remove curse
Comestibles
 c - 3 bread rations
 n - 5 fruits
 p - 2 royal jellies
 w - 3 beef jerkies


   Skills:
 + Level 4.7 Fighting
 + Level 2.2(2.7) Maces & Flails
 + Level 2.1(2.6) Staves
 + Level 0.1 Throwing
 + Level 3.9 Armour
 + Level 2.6 Dodging
 + Level 0.6 Stealth
 + Level 2.7 Invocations


You had 5 spell levels left.
You didn't know any spells.

Dungeon Overview and Level Annotations

Branches:
Dungeon (6/15)             Temple (1/1) D:4

Altars:
Ashenzari
Elyvilon
Gozag
Kikubaaqudgha
Makhleb
Nemelex Xobeh
Pakellas
Qazlal
Ru
Sif Muna
Vehumet
Xom
Yredelemnul
Zin


Innate Abilities, Weirdness & Mutations

You have sharp fingernails.
You are partially covered in thin metallic scales (AC +2).
You sometimes gain a little power by taking damage.
You are immune to rotting.
You are clumsy. (Dex -2)
You are dopey. (Int -2)
You expend magic power (3 MP) to strengthen your wands.


Message History

Beogh smites you! The orc hits you but does no damage.
The orc wizard hits you with a dagger of speed.
* * * LOW HITPOINT WARNING * * *
The orc wizard hits you but does no damage.
The orc wizard casts a cantrip, but nothing happens.
The orc wizard hits you with a dagger of speed.
* * * LOW HITPOINT WARNING * * *
The orc wizard points at you and mumbles some strange words.
The magic dart hits you! The orc wizard barely misses you.
All of the chunks of flesh in your inventory have rotted away.
The orc priest mumbles some strange prayers to Beogh against you.
Beogh smites you!
* * * LOW HITPOINT WARNING * * *
You focus on the pain.
You feel agile all of a sudden.
The orc wizard hits you but does no damage.
The orc priest calls down the wrath of Beogh upon you.
Beogh smites you!
You die...

####.###......
#######..o.#........
#..........##.......
#####.....##.......
##........##......
##..o#####.##......
##...## #..........
#..o## #...#..#.....
##.@# #..###..##....
####...# #..##....
##.. ##.###... ##
..# ##.. ...###..
........ #...# ###..
##..# #....# ##..#


You could see an orc priest, an orc wizard and an orc.

Vanquished Creatures
  The ghost of nowai the Conjurer, an amateur OpWz (D:4)
  2 giant frogs
  A scorpion (D:4)
  A hound (D:5)
  An iguana (D:6)
  A worker ant (D:4)
  A gnoll (D:1)
  3 adders
  An adder zombie (D:6)
  3 dart slugs
  2 giant geckos (D:1)
  3 orcs
  7 giant cockroaches
  8 goblins
  3 hobgoblins (D:2)
  3 quokkas (D:2)
  4 bats
  3 giant newts
  4 kobolds
  5 rats
57 creatures vanquished.

Vanquished Creatures (collateral kills)
  Ijyb (D:2)
1 creature vanquished.

Grand Total: 58 creatures vanquished

Notes
Turn   | Place    | Note
--------------------------------------------------------------
     0 | Abyss:1  | Ginkk the Demonspawn Abyssal Knight began the quest for the Orb.
     0 | Abyss:1  | Reached XP level 1. HP: 18/18 MP: 2/2
    42 | D:1      | Escaped the Abyss
   406 | D:2      | Reached * piety under Lugonu
   406 | D:2      | Gained mutation: You are immune to rotting. [demonic ancestry]
   406 | D:2      | Reached XP level 2. HP: 24/24 MP: 3/3
   693 | D:1      | Reached skill level 1 in Dodging
   693 | D:1      | Gained mutation: You sometimes gain a little power by taking damage. [demonic ancestry]
   693 | D:1      | Reached XP level 3. HP: 21/30 MP: 5/5
   992 | D:1      | Gained mutation: You are dopey. (Int -2) [potion of mutation]
   992 | D:1      | Gained mutation: You expend magic power (3 MP) to strengthen your wands. [potion of mutation]
   992 | D:1      | Gained mutation: You are clumsy. (Dex -2) [potion of mutation]
  1039 | D:2      | Reached skill level 4 in Fighting
  1040 | D:2      | Noticed Ijyb
  1138 | D:2      | Killed Ijyb
  1138 | D:2      | Gained mutation: You have sharp fingernails. [demonic ancestry]
  1138 | D:2      | Reached XP level 4. HP: 37/37 MP: 6/6
  1680 | D:1      | Reached ** piety under Lugonu
  1899 | D:2      | Found a radiant altar of Vehumet.
  1912 | D:2      | Reached skill level 1 in Staves
  2241 | D:4      | Reached XP level 5. HP: 23/43 MP: 7/7
  2483 | D:4      | Found a staircase to the Ecumenical Temple.
  2491 | D:4      | Noticed nowai's ghost (amateur OpWz)
  2497 | Temple   | Entered the Ecumenical Temple
  2656 | D:4      | Killed nowai's ghost
  2656 | D:4      | Gained mutation: You are partially covered in thin metallic scales (AC +2). [demonic ancestry]
  2656 | D:4      | Reached XP level 6. HP: 21/49 MP: 8/8
  2902 | D:4      | Found a deep blue altar of Sif Muna.
  3025 | D:5      | Entered Level 5 of the Dungeon
  3802 | D:6      | HP: 2/49 [orc priest/divine providence (10)]
  3804 | D:6      | Killed from afar by an orc priest

Skill      XL: |  1  2  3  4  5  6 |
---------------+-------------------+-----
Armour         | 2 3 |  3.9
Dodging        | 1 2 |  2.6
Fighting       | 4 |  4.7
Staves         | 1 2 |  2.1
Maces & Flails | 2 |  2.2
Throwing       | |  0.1
Stealth        | |  0.6
Invocations    | |  2.7

Action                   |  1- 3 |  4- 6 || total
-------------------------+-------+-------++-------
Melee: Mace              |    16 |       ||    16
       Quarterstaff      |    58 |     7 ||    65
       Club              |       |   102 ||   102
Throw: Stone             |     1 |     1 ||     2
Invok: Depart the Abyss  |     1 |       ||     1
       Bend Space        |       |     1 ||     1
Evoke: Phantom mirror    |     1 |       ||     1
  Use: Scroll            |     8 |     3 ||    11
       Potion            |     3 |     5 ||     8
  Eat: Chunk             |     1 |     2 ||     3
       Pizza             |       |     1 ||     1
       Meat ration       |       |     1 ||     1
Armor: Scale mail        |    37 |    58 ||    95
Dodge: Dodged            |    46 |    52 ||    98
